 Dungeon Crawl Stone Soup version 0.26-a0-255-gd5f3108e62 (webtiles) character file.

Game seed: 4803749634464440626

11568 gruber the Thaumaturge (level 11, -2/61 HPs)
             Began as an Octopode Conjurer on July 9, 2020.
             Was an Elder of Vehumet.
             Slain by a tengu warrior
             ... wielding a +0 dire flail
              (4 damage)
             ... on level 9 of the Dungeon.
             The game lasted 00:15:37 (14018 turns).

gruber the Thaumaturge (Octopode Conjurer)         Turns: 14018, Time: 00:15:38

Health: -2/61      AC:  3    Str:  8    XL:     11   Next: 79%
Magic:  0/25       EV: 15    Int: 23    God:    Vehumet [****..]
Gold:   521        SH:  0    Dex: 10    Spells: 19/30 levels left

rFire    . . .     SeeInvis .   k - +7 long sword of Putrescence {vorpal, rElec}
rCold    . . .     Faith    .   (no shield)
rNeg     . . .     Spirit   +   I - +2 hat {MR+}
rPois    +         Reflect  .   J - amulet of Polytheism {Spirit rElec rF- Int+4}
rElec    +         Harm     .   h - ring of protection from magic
rCorr    .                      n - ring of protection from fire
MR       ++...                  B - ring of flight
Stlth    +++.......             G - ring "Rudghidd" {rPois Int-4 Slay+3}
HPRegen  0.20/turn              (no ring)
MPRegen  0.19/turn              (no ring)
                                (no ring)
                                (no ring)

@: no status effects
A: almost no armour, stealthy swim, amphibious, 8 rings, constrict 8, camouflage
1, gelatinous body 1
a: Renounce Religion, Evoke Flight


You were on level 9 of the Dungeon.
You worshipped Vehumet.
Vehumet was greatly pleased with you.
You were not hungry.

You visited 2 branches of the dungeon, and saw 10 of its levels.

You collected 521 gold pieces.

Inventory:

Hand Weapons
 k - the +7 long sword of Putrescence (weapon) {vorpal, rElec}
   (You found it on level 4 of the Dungeon)

   It inflicts extra damage upon your enemies.
   It insulates you from electricity.
Missiles
 g - 5 javelins (quivered)
 A - 7 curare-tipped darts
Armour
 I - a +2 hat of magic resistance (worn)
Jewellery
 h - a ring of protection from magic (left tentacle)
 n - a ring of protection from fire (right tentacle)
 B - a ring of flight (on tentacle)
 G - the ring "Rudghidd" (on tentacle) {rPois Int-4 Slay+3}
   (You found it on level 8 of the Dungeon)

   [ring of intelligence]

   It affects your intelligence (-4).
   It affects your accuracy and damage with ranged weapons and melee attacks
   (+3).
   It protects you from poison.
 J - the amulet of Polytheism (around mantle) {Spirit rElec rF- Int+4}
   (You found it on level 9 of the Dungeon)

   [amulet of guardian spirit]

   It causes incoming damage to be split between your health and magic.
   It affects your intelligence (+4).
   It makes you vulnerable to fire.
   It insulates you from electricity.
Wands
 t - a wand of flame (48)
 v - a wand of random effects (19)
 H - a wand of acid (5)
Scrolls
 c - a scroll of enchant armour {unknown}
 i - 2 scrolls of remove curse
 j - 2 scrolls of amnesia {unknown}
 l - 3 scrolls of fear
 o - 3 scrolls of identify
 p - 4 scrolls of fog
 q - a scroll of immolation {unknown}
 r - a scroll of blinking {unknown}
 y - 2 scrolls of enchant weapon {unknown}
 z - a scroll of teleportation {unknown}
 C - a scroll of magic mapping {unknown}
 D - a scroll of random uselessness {unknown}
Potions
 a - 2 potions of flight {unknown}
 d - 2 potions of ambrosia {unknown}
 e - 3 potions of heal wounds
 f - a potion of berserk rage {unknown}
 m - 5 potions of curing {unknown}
 s - a potion of brilliance {unknown}
 u - 3 potions of invisibility {unknown}
 w - 3 potions of degeneration {unknown}
 x - a potion of magic {unknown}
 E - 2 potions of stabbing {unknown}
 F - a potion of mutation {unknown}
Comestibles
 b - 36 rations


   Skills:
 - Level 6.3 Long Blades
 - Level 5.2 Dodging
 - Level 2.6 Stealth
 * Level 10.1 Spellcasting
 - Level 10.0 Conjurations
 - Level 5.0 Charms
 - Level 7.1 Earth Magic


You had 19 spell levels left.
You knew the following spells:

 Your Spells              Type           Power        Failure   Level
a - Magic Dart            Conj           ####         1%          1
b - Searing Ray           Conj           ######       1%          2
c - Stone Arrow           Conj/Erth      ######       1%          3
d - Iskenderun's Battles  Conj/Chrm      #####...     1%          5

Your spell library contained the following spells:

 Spells                   Type           Power        Failure   Level
 Conjure Flame            Conj/Fire      ####....     1%          3
 Dazzling Flash           Conj/Hex       ####..       1%          3
 Mephitic Cloud           Conj/Pois/Air  ####....     1%          3
 Fulminant Prism          Conj/Hex       ####......   1%          4
 Iskenderun's Mystic Bla  Conj/Tloc      ####....     1%          4
 Ignite Poison            Fire/Tmut/Pois ##......     4%          3
 Sting                    Tmut/Pois      ##..         5%          1
 Poisonous Vapours        Pois/Air       ##....       9%          2
 Olgreb's Toxic Radiance  Pois           ##......     16%         4
 Conjure Ball Lightning   Conj/Air       ####......   28%         6
 Dragon's Call            Summ           ##........   100%        9


Dungeon Overview and Level Annotations

Branches:
Dungeon (9/15)             Temple (1/1) D:4
   Lair: D:8-11         Orc: D:9-12

Altars:
Ashenzari
Cheibriados
Dithmenos
Elyvilon
Fedhas
Gozag
Hepliaklqana
Kikubaaqudgha
Makhleb
Nemelex Xobeh
Okawaru
Qazlal
Sif Muna
Trog
Uskayaw
Vehumet
Wu Jian
Xom
Yredelemnul
Zin
The Shining One


Innate Abilities, Weirdness & Mutations

You cannot wear most types of armour.
You are very stealthy in the water. (Stealth+)
You are amphibious.
You can wear up to eight rings at the same time.
You can use your tentacles to constrict eight enemies at once.
Your skin changes colour to match your surroundings (Stealth+).
Your rubbery body absorbs attacks. (AC +1, EV +1)


Message History

Evoke which item? (* to show all) (? for menu, Esc to quit)
Aiming: Corrosive Bolt
Press: ? - help, Shift-Dir - straight line, f/p - tengu warrior
Aim: a tengu warrior, wielding a +0 dire flail, wearing a +0 leather armour and quivering 19 arrows (moderately wounded, covered in acid)
The bolt of acid hits the tengu warrior!
The tengu warrior is splashed with acid.
The tengu warrior seems to be corroded for longer.
The tengu warrior is heavily wounded.
The tengu warrior hits you with a +0 dire flail.
* * * LOW HITPOINT WARNING * * *
The tengu warrior pecks you but does no damage.
The tengu warrior misses you.
Unknown command.
Evoke which item? (* to show all) (? for menu, Esc to quit)
Aiming: Corrosive Bolt
Press: ? - help, Shift-Dir - straight line, f/p - tengu warrior
Aim: a tengu warrior, wielding a +0 dire flail, wearing a +0 leather armour and quivering 19 arrows (heavily wounded, covered in acid)
The bolt of acid misses the tengu warrior.
The tengu warrior hits you with a +0 dire flail.
You die...

.........##.# ##.##...........
........##.# ##.##..........
.......##.. #..#..........
.....#(##. ########.##.........
.......# #...#§..#.#.........
......## ##§####.##....<...
......# #§#.# ..#........
.....##. ##.## ####.......
.....#.# #@## #....... ....##.
##Q# ##...... ....#.# ##
..##...... ...##. #..##.....
...#.###.## #..#..... .#.#.......
#.#.....
.#..#######################......
.#..))...........................
.###..##.#..##..###..............


You could see a tengu warrior (corroded).

Vanquished Creatures
  Gastronok (D:9)
  A hydra (D:9)
  Harold (D:8)
  A two-headed ogre (D:8)
  Pikel (D:4)
  A manticore (D:9)
  Maurice (D:9)
  A troll (D:9)
  Grinder (D:4)
  A hornet (D:8)
  2 hippogriffs
  2 dream sheep (D:9)
  Sigmund (D:4)
  A wraith (D:9)
  2 yaks (D:9)
  5 ice beasts
  A hornet zombie (D:9)
  An orc warrior (D:8)
  3 sky beasts
  A necrophage (D:9)
  4 ogres
  5 centaurs
  4 lemures (D:4)
  4 big kobolds
  4 bullfrogs
  7 scorpions
  3 wights
  7 killer bees
  A howler monkey (D:4)
  A bullfrog zombie (D:6)
  A quasit (D:7)
  2 jellies
  3 hounds
  9 orc priests
  A bullfrog skeleton (D:6)
  9 orc wizards
  Jessica (D:2)
  2 iguanas
  Natasha (thrice) (D:3)
  6 worker ants
  2 hound zombies
  2 hound skeletons
  36 gnolls
  12 adders
  2 shadow imps
  3 white imps
  An ufetubus (D:6)
  An ooze (D:3)
  An adder skeleton (D:9)
  4 worms
  5 dart slugs
  4 leopard geckos
  36 orcs
  2 ball pythons
  12 bats
  4 giant cockroaches
  8 goblins
  6 hobgoblins
  31 jackals
  18 kobolds
  4 quokkas
  7 frilled lizards
  A leopard gecko zombie (D:5)
  8 rats
316 creatures vanquished.

Vanquished Creatures (others)
  3 plants (D:9)
3 creatures vanquished.

Grand Total: 319 creatures vanquished

Notes
Turn   | Place    | Note
-------+----------+-------------------------------------------
     0 | D:1      | gruber the Octopode Conjurer began the quest for the Orb.
     0 | D:1      | Reached XP level 1. HP: 11/11 MP: 3/3
   270 | D:1      | Reached XP level 2. HP: 17/17 MP: 0/5
  1076 | D:1      | Reached XP level 3. HP: 21/21 MP: 3/6
  1182 | D:1      | Reached skill level 5 in Conjurations
  1789 | D:2      | You fall into a shaft and drop 2 floors!
  1790 | D:4      | Noticed a scorpion
  1796 | D:4      | Learned a level 2 spell: Searing Ray
  1798 | D:4      | Killed a scorpion
  1798 | D:4      | Reached XP level 4. HP: 27/27 MP: 3/7
  1852 | D:4      | Got a bloodstained long sword
  1853 | D:4      | Identified the +7 long sword of Putrescence {vorpal, rElec}
                  | (You found it on level 4 of the Dungeon)
  1920 | D:4      | Reached XP level 5. HP: 31/31 MP: 0/8
  2005 | D:4      | Noticed Sigmund
  2158 | D:4      | Killed Sigmund
  2158 | D:4      | Reached XP level 6. HP: 19/36 MP: 5/10
  2309 | D:4      | Reached XP level 7. HP: 41/41 MP: 5/11
  2459 | D:4      | Found a staircase to the Ecumenical Temple.
  2468 | Temple   | Entered the Ecumenical Temple
  2656 | Temple   | Became a worshipper of Vehumet
  3177 | D:2      | Noticed Jessica
  3190 | D:2      | Killed Jessica
  3240 | D:2      | Found a faded altar of an unknown god.
  3394 | D:2      | Reached * piety under Vehumet
  3394 | D:2      | Offered knowledge of Foxfire by Vehumet.
  4558 | D:3      | You fall into a shaft and drop 2 floors!
  4558 | D:5      | Entered Level 5 of the Dungeon
  4568 | D:5      | Reached skill level 5 in Long Blades
  4570 | D:5      | Reached XP level 8. HP: 32/46 MP: 4/12
  5026 | D:5      | Found a glowing golden altar of the Shining One.
  5227 | D:5      | Noticed a hippogriff
  5233 | D:5      | Killed a hippogriff
  5448 | D:5      | Reached ** piety under Vehumet
  5450 | D:5      | Offered knowledge of Sandblast by Vehumet.
  5575 | D:5      | Identified the Disquisition on Hurtful Creation
  5647 | D:5      | Reached XP level 9. HP: 51/51 MP: 12/14
  6468 | D:4      | Offered knowledge of Stone Arrow by Vehumet.
  6623 | D:4      | Learned a level 3 spell: Stone Arrow
  6766 | D:4      | Reached skill level 10 in Conjurations
  6916 | D:4      | Reached *** piety under Vehumet
  6974 | D:4      | Reached skill level 1 in Earth Magic
  7093 | D:4      | Noticed Pikel
  7107 | D:4      | Killed Pikel
  7311 | D:4      | Offered knowledge of Ignite Poison by Vehumet.
  7665 | D:4      | Noticed Grinder
  7672 | D:4      | Killed Grinder
  7672 | D:4      | Reached skill level 5 in Earth Magic
  7837 | D:4      | Found a hide-covered altar of Uskayaw.
  8178 | D:3      | Noticed Natasha
  8180 | D:3      | Killed Natasha
  8237 | D:3      | Noticed Natasha
  8240 | D:3      | Killed Natasha
  8246 | D:3      | Noticed Natasha
  8252 | D:3      | Killed Natasha
  8704 | D:6      | Reached XP level 10. HP: 42/56 MP: 16/16
  8733 | D:6      | Reached **** piety under Vehumet
 10015 | D:7      | Reached skill level 5 in Dodging
 10325 | D:7      | Offered knowledge of Iskenderun's Battlesphere by Vehumet.
 10332 | D:7      | Learned a level 5 spell: Iskenderun's Battlesphere
 10642 | D:7      | Found an ancient bone altar of Kikubaaqudgha.
 10642 | D:7      | Found a shattered altar of Ashenzari.
 10647 | D:7      | Found an ornate altar of the Wu Jian Council.
 10649 | D:7      | Found a snail-covered altar of Cheibriados.
 10651 | D:7      | Found a white marble altar of Elyvilon.
 10880 | D:7      | Reached skill level 1 in Charms
 11180 | D:8      | Noticed Harold
 11188 | D:8      | Killed Harold
 11404 | D:8      | Reached skill level 5 in Charms
 11512 | D:8      | Got a glittering ivory ring
 11532 | D:8      | Noticed a two-headed ogre
 11538 | D:8      | Killed a two-headed ogre
 11538 | D:8      | Reached skill level 5 in Spellcasting
 11607 | D:8      | Identified the cursed ring "Rudghidd" {rPois Int-4 Slay+3}
                  | (You found it on level 8 of the Dungeon)
 12234 | D:9      | Reached XP level 11. HP: 61/61 MP: 20/20
 12506 | D:9      | Noticed Maurice
 12514 | D:9      | Killed Maurice
 12746 | D:9      | Noticed Gastronok
 12767 | D:9      | Killed Gastronok
 13298 | D:9      | Noticed a three-headed hydra
 13307 | D:9      | Killed a three-headed hydra
 13985 | D:9      | Got a slimy graven amulet
 13989 | D:9      | Identified the amulet of Polytheism {Spirit rElec rF-
                  | Int+4} (You found it on level 9 of the Dungeon)
 13996 | D:9      | Noticed a manticore
 14001 | D:9      | Killed a manticore
 14001 | D:9      | Reached skill level 10 in Spellcasting
 14014 | D:9      | Noticed a tengu warrior
 14017 | D:9      | HP: 2/61 [tengu warrior/+0 dire flail (4)]
 14018 | D:9      | Slain by a tengu warrior

Illustrated notes

Levels and vault maps discovered:
D:1:      dpeg_arrival_morbid_curiosity, layout_basic, st_stairs_12
D:2:      layout_basic, chequers_ecumenical_altar_island,
          hangedman_decor_opposing, uniq_jessica
D:3:      layout_basic, uniq_natasha
D:4:      lemuel_castle_with_subvaults [lemuel_castle_interior_carwin_2],
          layout_basic, eat_drink_and_be_merry_uskayaw,
          minmay_temple_entry_butterflies, first_ration, corner_web_ring,
          uniq_pikel, uniq_sigmund, uniq_grinder
D:5:      layout_loops_ring, lemuel_round_altar
D:6:      layout_basic
D:7:      layout_rooms, chequers_temple_overflow_minitemple, minmay_fountain_box
D:8:      layout_loops_ring, uniq_harold
D:9:      minmay_the_grid_triangle_9x9_recursive_2
          [minmay_the_grid_triangle_9x9_prize_special,
          minmay_the_grid_triangle_9x9_windchime,
          minmay_the_grid_triangle_9x9_semitri,
          minmay_the_grid_triangle_9x9_minimal], layout_long_grid,
          erik_lair_dragon, hangedman_ranch [blue_anna_fruit_fields],
          uniq_maurice, uniq_gastronok
Temple:   regret_index_temple_generic_petals

Skill      XL: |  1  2  3  4  5  6  7  8  9 10 11 |
---------------+----------------------------------+-----
Conjurations   | 5 6 7 9 10 | 10.0
Spellcasting   | 3 4 6 10 | 10.1
Long Blades    | 2 5 6 |  6.3
Earth Magic    | 6 7 |  7.1
Dodging        | 5 |  5.2
Charms         | 5 |  5.0
Stealth        | |  2.6

Action                   |  1- 3 |  4- 6 |  7- 9 | 10-12 || total
-------------------------+-------+-------+-------+-------++-------
Melee: Unarmed           |     5 |       |       |       ||     5
       Constrict         |     1 |     1 |    58 |    18 ||    78
       Tentacles         |     1 |       |    23 |    11 ||    35
       Long sword        |       |     6 |   213 |    62 ||   281
Throw: Javelin           |     4 |       |       |       ||     4
 Cast: Magic Dart        |    62 |    11 |    17 |    35 ||   125
       Searing Ray       |     1 |     4 |    29 |    45 ||    79
       Stone Arrow       |       |       |     5 |     6 ||    11
       Iskenderun's Batt |       |       |       |     7 ||     7
Evoke: Wand              |       |       |       |     5 ||     5
  Use: Scroll            |       |       |       |     4 ||     4
 Stab: Sleeping          |       |       |    16 |     4 ||    20
  Eat: Ration            |     1 |     1 |     5 |     5 ||    12
Armor: Skin              |       |       |    12 |    17 ||    29
Dodge: Dodged            |    16 |     4 |   121 |   168 ||   309
       Rpst.: Long sword |       |       |    33 |    44 ||    77

Table legend:
 A = Non-vault XP
 B = Vault XP
 C = Vault XP percentage of total XP
 D = Non-vault monster count
 E = Vault monster count
 F = Vault count percentage of total count
                 A         B        C        D         E       F
            +---------+---------+-------+---------+---------+-------
      Total |    7883 |    8644 |  52.3 |     234 |      78 |  25.0
            +---------+---------+-------+---------+---------+-------
        D:1 |      48 |      18 |  27.3 |      29 |       7 |  19.4
        D:2 |      89 |      37 |  29.4 |      24 |       1 |   4.0
        D:3 |     381 |      35 |   8.4 |      44 |       1 |   2.2
        D:4 |     535 |    1765 |  76.7 |      23 |      52 |  69.3
        D:5 |    1635 |       0 |   0.0 |      31 |       0 |   0.0
        D:6 |    1123 |       0 |   0.0 |      22 |       0 |   0.0
        D:7 |     778 |       2 |   0.3 |      18 |       1 |   5.3
        D:8 |    1772 |    1002 |  36.1 |      18 |       1 |   5.3
        D:9 |    1522 |    5785 |  79.2 |      25 |      15 |  37.5
            +---------+---------+-------+---------+---------+-------
